 Dungeon Crawl Stone Soup version 0.01-2115-ge649c80b0b (webtiles) character file.

Game seed: 8440912819243192490, levelgen mode: deterministic

748 pasperui the Insei (level 7, -2/53 HPs) Gnoll Transmuter. Began on June 10, 2020. Slain by a sewer rat (9 damage) ... on level 2 of the Dungeon. The game lasted 00:08:45 (1721 turns).

pasperui the Insei (Gnoll Transmuter)               Turns: 1721, Time: 00:08:45

Health: -2/53      AC:  2    Str: 15    XL:     7 ^: 130
Magic:  15/15      EV: 15    Int: 15    God:
Gold:   69         SH:  5    Dex: 15    Spells: 16/17 levels left

rFire    . . .     Vision   .   f - +0 buckler
rCold    . . .     Gourm    .     - Unarmed
rNeg     . . .     Faith    .   a - +0 robe
rPois    +         Spirit   .   (no helmet)
rElec    .         Reflect  .   (no cloak)
rCorr    .         Harm     .   (no gloves)
MR       .....                  (no boots)
Stlth    ++........             (no amulet)
HPRegen  0.27/turn              h - ring of poison resistance
MPRegen  0.25/turn              (no ring)

@: very slightly contaminated, invisible
A: distributed training, fangs 1, strong nose
a: no special abilities


You were on level 2 of the Dungeon.
You were hungry.

You visited 1 branch of the dungeon, and saw 2 of its levels.

You collected 69 gold pieces.

Inventory:

Weapons
 d - a +0 hand crossbow
 j - a +0 spear Shields
 f - a +0 buckler (shield)
Armour
 a - a +0 robe (worn)
Jewellery
 h - a ring of poison resistance (left hand)
Scrolls
 g - 2 scrolls of fear
 k - a scroll of teleportation
Potions
 b - a potion of haste
 e - a potion of agility
Comestibles
 c - 7 rations
 l - 2 chunks of flesh


   Skills:
 + Level 3.8 Fighting
 + Level 2.7 Short Blades
 + Level 2.7 Long Blades
 + Level 2.7 Axes & Hammers
 + Level 2.7 Whips & Flails
 + Level 2.7 Polearms
 + Level 2.7 Maces & Staves
 + Level 2.7 Slings
 + Level 2.7 Bows
 + Level 2.7 Crossbows
   Level 0.0 Throwing
 + Level 2.7 Armour
 + Level 5.3 Dodging
 + Level 2.7 Stealth
 + Level 2.7 Shields
 + Level 7.1 Unarmed Combat
 + Level 5.7 Spellcasting
 + Level 2.2 Hexes
 + Level 2.2 Charms
 + Level 2.2 Summonings
 + Level 2.2 Necromancy
 + Level 2.2 Translocations
 + Level 4.4 Transmutations
 + Level 2.2 Fire Magic
 + Level 2.2 Ice Magic
 + Level 2.2 Air Magic
 + Level 2.2 Earth Magic
 + Level 2.2 Poison Magic
 + Level 3.0 Invocations
 + Level 2.7 Evocations


You had 16 spell levels left.
You knew the following spells:

 Your Spells              Type           Power        Failure   Level  Hunger
a - Beastly Appendage     Tmut           17 (50)      3%          1    None

Your spell library contained the following spells:

 Spells                   Type           Power        Failure   Level  Hunger
 Sticks to Snakes         Tmut           17 (100)     5%          2    #......
 Snakes to Sticks         Hex/Tmut       14 (100)     16%         3    ###....
 Spider Form              Tmut/Pois      14 (200)     16%         3    ###....
 Ice Form                 Ice/Tmut       14 (100)     47%         4    ####...
 Blade Hands              Tmut           17 (200)     67%         5    ######.


Dungeon Overview and Level Annotations

Branches:
Dungeon (2/8)

Altars:


Innate Abilities, Weirdness & Mutations

Your experience applies equally to all skills.
You have very sharp teeth.
Your uncanny sense of smell can sniff out nearby items.


Message History

The sewer rat barely misses you (0).
You hit the sewer rat (3).
You kill the sewer rat!
You barely miss the sewer rat.
You catch the helpless sewer rat completely off-guard!
You hit the sewer rat but do no damage.
You bite the sewer rat, but do no damage.
The sewer rat is healthy. (12/12) HP You hear a shout!
You hit the sewer rat (1).
The sewer rat is lightly wounded. (9/10) HP You hear a shout!
You hit the sewer rat (2).
The sewer rat is moderately wounded. (7/10) HP The sewer rat misses you (0).
You catch the helpless sewer rat completely off-guard!
You hit the sewer rat but do no damage.
The sewer rat is moderately wounded. (7/10) HP You barely miss the sewer rat.
The sewer rat bites you (9)!
You die...

#≈..###≈..≈≈≈≈..##≈.##...†.#....
#≈..#≈...≈≈≈≈≈.≈.#≈.#...÷..#≈...
#......≈≈≈≈≈≈r≈#KK..#.....≈##..#
#.....###.≈≈≈≈.#.K..##....######
#P...##....≈≈..sPK≈.#.....#
####≈##..#.≈≈≈≈.#P..##....≈#
#≈≈....≈≈#≈≈≈K≈r##.≈#....≈###
.........#≈≈≈≈≈r#####.....≈.#
.........#≈≈≈≈≈r@#≈≈##≈.....#
.........#≈≈≈≈≈...≈≈##≈.....#
..P..#...#≈≈≈≈≈.≈.≈≈#......##
..#........≈≈≈≈≈#####.≈...##
...≈.#.....≈≈≈≈≈##≈≈##≈..≈#
≈.##.......≈≈≈≈≈#≈.......≈# ##
##......≈≈≈≈≈≈≈......≈##
##≈≈...P≈≈≈≈##.....###
##....P≈≈≈≈##....##


You could see a big kobold and 4 sewer rats.

Vanquished Creatures
  A crocodile (D:1)
  4 big kobolds (D:2)
  5 jellies (D:2)
  2 adders (D:2)
  15 sewer rats (D:2)
  4 cinder newts
  A worm (D:2)
  2 oozes (D:1)
  2 leopard geckos (D:2)
  3 bats
  2 cinder newt skeletons (D:2)
  4 giant cockroaches
  4 goblins (D:1)
  7 hobgoblins (D:1)
  16 kobolds
  A kobold skeleton (D:2)
  2 rats (D:1)
75 creatures vanquished.

Notes
Turn   | Place    | Note
-------+----------+-------------------------------------------
     0 | D:1      | pasperui the Gnoll Transmuter began the quest for the Orb.
     0 | D:1      | Reached XP level 1. HP: 17/17 MP: 6/6
    82 | D:1      | Reached XP level 2. HP: 21/23 MP: 7/7
   247 | D:1      | Reached skill level 5 in Spellcasting
   247 | D:1      | Reached XP level 3. HP: 28/28 MP: 6/9
   314 | D:1      | Reached skill level 1 in Invocations
   647 | D:2      | Noticed a crocodile
   669 | D:1      | Killed a crocodile
   669 | D:1      | Reached skill level 1 in Short Blades
   669 | D:1      | Reached skill level 1 in Long Blades
   669 | D:1      | Reached skill level 1 in Axes & Hammers
   669 | D:1      | Reached skill level 1 in Whips & Flails
   669 | D:1      | Reached skill level 1 in Polearms
   669 | D:1      | Reached skill level 1 in Maces & Staves
   669 | D:1      | Reached skill level 1 in Slings
   669 | D:1      | Reached skill level 1 in Bows
   669 | D:1      | Reached skill level 1 in Crossbows
   669 | D:1      | Reached skill level 1 in Armour
   669 | D:1      | Reached skill level 1 in Stealth
   669 | D:1      | Reached skill level 1 in Shields
   669 | D:1      | Reached skill level 1 in Hexes
   669 | D:1      | Reached skill level 1 in Charms
   669 | D:1      | Reached skill level 1 in Summonings
   669 | D:1      | Reached skill level 1 in Necromancy
   669 | D:1      | Reached skill level 1 in Translocations
   669 | D:1      | Reached skill level 1 in Fire Magic
   669 | D:1      | Reached skill level 1 in Ice Magic
   669 | D:1      | Reached skill level 1 in Air Magic
   669 | D:1      | Reached skill level 1 in Earth Magic
   669 | D:1      | Reached skill level 1 in Poison Magic
   669 | D:1      | Reached skill level 1 in Evocations
   669 | D:1      | Reached XP level 4. HP: 6/34 MP: 11/11
   669 | D:1      | Reached XP level 5. HP: 8/40 MP: 12/12
  1086 | D:2      | Reached XP level 6. HP: 33/47 MP: 14/14
  1103 | D:2      | Reached skill level 5 in Dodging
  1349 | D:2      | Reached XP level 7. HP: 26/52 MP: 15/15
  1412 | D:2      | Reached skill level 7 in Unarmed Combat
  1694 | D:2      | HP: 1/53 [big kobold (7)]
  1721 | D:2      | Slain by a sewer rat

Levels and vault maps discovered:
D:1:      tarquinn_simple_flora_water_b, layout_loops_cross, first_ration
D:2:      cheibrodos_thug_alley, layout_sewer, minmay_misc_feat_five,
          uniq_robin, uniq_pikel

Skill      XL: |  1  2  3  4  5  6  7 |
---------------+----------------------+-----
Spellcasting   | 5 |  5.7
Invocations    | 1 2 3 |  3.0
Short Blades   | 1 2 |  2.7
Long Blades    | 1 2 |  2.7
Axes & Hammers | 1 2 |  2.7
Whips & Flails | 1 2 |  2.7
Polearms       | 1 2 |  2.7
Maces & Staves | 1 2 |  2.7
Slings         | 1 2 |  2.7
Bows           | 1 2 |  2.7
Crossbows      | 1 2 |  2.7
Armour         | 1 2 |  2.7
Stealth        | 1 2 |  2.7
Shields        | 1 2 |  2.7
Hexes          | 1 2 |  2.2
Charms         | 1 2 |  2.2
Summonings     | 1 2 |  2.2
Necromancy     | 1 2 |  2.2
Translocations | 1 2 |  2.2
Fire Magic     | 1 2 |  2.2
Ice Magic      | 1 2 |  2.2
Air Magic      | 1 2 |  2.2
Earth Magic    | 1 2 |  2.2
Poison Magic   | 1 2 |  2.2
Evocations     | 1 2 |  2.7
Fighting       | 3 |  3.8
Transmutations | 4 |  4.4
Dodging        | 5 |  5.3
Unarmed Combat | 7 |  7.1

Action                   |  1- 3 |  4- 6 |  7- 9 || total
-------------------------+-------+-------+-------++-------
Melee: Unarmed           |    72 |   119 |   106 ||   297
       Kick              |     7 |    19 |     3 ||    29
       Headbutt          |     6 |    15 |    16 ||    37
       Bite              |     4 |    12 |    14 ||    30
Throw: Stone             |       |       |     2 ||     2
       Skull             |       |       |     1 ||     1
       Bone              |       |       |     1 ||     1
 Cast: Beastly Appendage |    11 |     6 |     6 ||    23
  Use: Potion            |       |     4 |     1 ||     5
 Stab: Sleeping          |     1 |       |     1 ||     2
       Invisible         |       |       |     3 ||     3
  Eat: Chunk             |       |     1 |     1 ||     2
Armor: Robe              |     3 |     2 |     2 ||     7
Dodge: Dodged            |    39 |    71 |    41 ||   151
Block: Buckler           |     5 |    20 |    11 ||    36
